 Dungeon Crawl Stone Soup version bcrawl-1.12.2 (webtiles) character file.

Game seed: 1931494060119632234

1624 Ebbett the Ruffian (level 8, -5/71 HPs)
             Began as a Troll Transmuter on July 24, 2019.
             Was an Initiate of Makhleb.
             Slain by Freyura's ghost (17 damage)
             ... on level 6 of the Dungeon.
             The game lasted 00:16:25 (5544 turns).

Ebbett the Ruffian (Troll Transmuter)               Turns: 5544, Time: 00:16:25

Health: -5/71      AC:  2    Str: 19 (21) XL:     8   Next: 65%
Magic:  4/13       EV: 21    Int: 10      God:    Makhleb [......]
Gold:   136        SH:  0    Dex: 12 (15) Spells: 11/15 levels left

rFire    . . .     SeeInvis .     - Unarmed
rCold    . . .     Gourm    +   (shield currently unavailable)
rNeg     . . .     Faith    .   (armour unavailable)
rPois    x         Spirit   .   (helmet currently unavailable)
rElec    .         Reflect  .   (cloak currently unavailable)
rCorr    .         Harm     .   (gloves unavailable)
MR       .....                  (boots unavailable)
Stlth    +.........             (no amulet)
HPRegen  0.61/turn              (no ring)
MPRegen  0.13/turn              (no ring)

@: spider-form, very slightly contaminated
A: tiny, almost no armour, unfitting armour, fast metabolism 3, gourmand,
regeneration 1, AC +7
a: End Transformation, Renounce Religion


You were on level 6 of the Dungeon.
You worshipped Makhleb.
Makhleb was noncommittal.
You were not hungry.
You were a venomous arachnid creature.
You visited 1 branch of the dungeon, and saw 6 of its levels.

You collected 428 gold pieces.
You spent 292 gold pieces at shops.

Inventory:

Missiles
 a - 711 arrows
Jewellery
 k - an uncursed ring of magical power
 m - an uncursed ring of fire {unknown}
 x - an uncursed ring of positive energy {unknown}
Wands
 i - a wand of polymorph (4)
 u - a wand of paralysis (6)
Scrolls
 b - 2 scrolls of fog
 f - 3 scrolls of vulnerability
 h - 4 scrolls of teleportation
 l - 4 scrolls of remove curse
 o - 2 scrolls of amnesia
 s - 2 scrolls of magic mapping
 t - a scroll of enchant armour {unknown}
 w - a scroll of noise
 y - a scroll of enchant weapon
Potions
 c - a potion of lignification
 e - a potion of brilliance
 g - 2 potions of invisibility
 j - a potion of haste
 n - 2 potions of mutation
 q - a potion of ambrosia {unknown}
 r - 2 potions of flight
Comestibles
 d - 12 rations {!d}


   Skills:
 + Level 1.7 Fighting
 + Level 4.0 Dodging
 + Level 0.7 Stealth
 + Level 7.2 Unarmed Combat
 + Level 4.0 Spellcasting
 + Level 3.1 Transmutations
 + Level 2.2 Poison Magic


You had 11 spell levels left.
You knew the following spells:

 Your Spells              Type           Power        Failure   Level  Hunger
a - Beastly Appendage     Tmut           #.....       19%         1    #......
b - Spider Form           Tmut/Pois      #..          47%         3    ###....

Your spell library contained the following spells:

 Spells                   Type           Power        Failure   Level  Hunger
 Sticks to Snakes         Tmut           #.......     26%         2    ##.....
 Corona                   Hex            #......      47%         1    #......
 Ensorcelled Hibernation  Hex/Ice        #.....       58%         2    ##.....
 Confuse                  Hex            #.......     78%         3    ###....
 Dazzling Spray           Conj/Hex       #.....       78%         3    ###....
 Tukima's Dance           Hex            #.......     78%         3    ###....
 Ice Form                 Ice/Tmut       #.......     92%         4    #####..
 Blade Hands              Tmut           #.........   97%         5    ######.


Dungeon Overview and Level Annotations

Branches:
Dungeon (6/12)             Temple (0/1) D:5

Altars:
Ashenzari
Makhleb
Vehumet
Yredelemnul

Shops:
D:6 *

Annotations:
D:5 Menkaure
D:6 1 transporter, Freyura's ghost, novice FoFi


Innate Abilities, Weirdness & Mutations

You cannot wear most types of armour.
((Your thick skin is tough. (AC +7)))
You are too large for most types of armour.
((You have claws for hands.))
Your metabolism is lightning-fast.
You like to eat raw meat.
Your natural rate of healing is unusually fast.


Message History

* * * LOW HITPOINT WARNING * * *
You feel better. The orc hits you but does no damage.
Freyura's ghost completely misses you.
You feel better. The orc barely misses you. Freyura's ghost hits you.
Casting: Spider Form (safe; 26% risk of failure)
Confirm with . or Enter, or press ? or * to list all spells.
You turn into a venomous arachnid creature.
The orc hits you.
* * * LOW HITPOINT WARNING * * *
Freyura's ghost barely misses you.
You hit Freyura's ghost but do no damage.
Freyura's ghost is heavily damaged.
The orc barely misses you. Freyura's ghost hits you!
* * * LOW HITPOINT WARNING * * *
You bite Freyura's ghost!
Freyura's ghost is severely damaged.
The orc hits you.
* * * LOW HITPOINT WARNING * * *
Freyura's ghost hits you!
You die...

...........(#.......#........####
#.###...#....................# #
#'####..#...#########........####
^.^###.....##.......##...........
.^^.##.....#8..#.#..8#..###..##.#
...###.....#..#...#..#..# ##.....
^_^^###....#.........#..## #..#.#
######....©#....o....#©..###..#.#
######.....#....s....#.....#....#
..#........#..#.W.#..#.....#.....
...........#8..#.#..8#.....#....#
#####...^..##......©##.#...#....#
............#########..#...#..#.#
.......................#...#.....
.......................#...##.#.#
.......................#...##...#
.......................#...###..#


You could see Freyura's ghost and an orc.

Vanquished Creatures
  Prince Ribbit (D:4)
  Duvessa (D:5)
  An ogre (D:4)
  2 centaurs (D:6)
  2 bullfrogs
  Dowan (D:5)
  A scorpion (D:5)
  A howler monkey (D:3)
  A crimson imp (D:4)
  3 hounds
  A centaur skeleton (D:5)
  8 orc priests
  A bullfrog skeleton (D:4)
  An iguana (D:5)
  6 orc wizards
  2 worker ants
  5 adders (D:3)
  A shadow imp (D:4)
  2 worms (D:2)
  5 dart slugs
  9 leopard geckos
  16 orcs
  7 bats
  2 giant cockroaches (D:1)
  5 goblins
  7 hobgoblins
  8 jackals
  8 kobolds
  3 quokkas
  5 frilled lizards
  4 rats
  A spectral orc (D:6)
121 creatures vanquished.

Notes
Turn   | Place    | Note
-------+----------+-------------------------------------------
     0 | D:1      | Ebbett the Troll Transmuter began the quest for the Orb.
     0 | D:1      | Reached XP level 1. HP: 18/18 MP: 2/2
    91 | D:1      | Reached XP level 2. HP: 13/26 MP: 3/3
   566 | D:1      | Reached XP level 3. HP: 31/32 MP: 3/5
  1483 | D:2      | Gained mutation: Your natural rate of healing is unusually
                  | fast. [Troll growth]
  1483 | D:2      | Reached XP level 4. HP: 40/40 MP: 4/6
  2096 | D:3      | Reached skill level 1 in Fighting
  2100 | D:3      | Reached skill level 4 in Unarmed Combat
  2121 | D:3      | Reached XP level 5. HP: 37/48 MP: 7/7
  2656 | D:3      | Reached XP level 6. HP: 53/55 MP: 8/8
  2666 | D:3      | Learned a level 3 spell: Spider Form
  3019 | D:4      | Found a radiant altar of Vehumet.
  3024 | D:4      | Found a burning altar of Makhleb.
  3181 | D:4      | Found a shattered altar of Ashenzari.
  3262 | D:4      | Reached skill level 5 in Unarmed Combat
  3437 | D:4      | Became a worshipper of Makhleb the Destroyer
  3463 | D:5      | Entered Level 5 of the Dungeon
  3472 | D:5      | Noticed Prince Ribbit
  3484 | D:5      | Reached XP level 7. HP: 49/62 MP: 7/10
  3525 | D:5      | HP: 1/62 [Prince Ribbit (5)]
  3667 | D:4      | Killed Prince Ribbit
  3667 | D:4      | Reached skill level 1 in Poison Magic
  3968 | D:5      | Reached skill level 6 in Unarmed Combat
  4097 | D:5      | Reached XP level 8. HP: 70/70 MP: 8/12
  4111 | D:5      | Found a staircase to the Ecumenical Temple.
  4113 | D:5      | Noticed Dowan
  4117 | D:5      | Noticed Duvessa
  4135 | D:5      | Killed Duvessa
  4150 | D:5      | Killed Dowan
  4394 | D:5      | Noticed Menkaure
  4428 | D:5      | HP: 3/70 [Menkaure/nerve-wracking pain (9)]
  4810 | D:6      | Reached skill level 7 in Unarmed Combat
  4821 | D:6      | Found a transporter.
  4876 | D:6      | Found Sirodoed's General Store.
  4881 | D:6      | Bought 3 scrolls of vulnerability for 292 gold pieces
  5140 | D:6      | Found a transporter.
  5141 | D:6      | Noticed Freyura's ghost (novice FoFi)
  5310 | D:6      | Found a basalt altar of Yredelemnul.
  5544 | D:6      | Slain by Freyura's ghost

Skill      XL: |  1  2  3  4  5  6  7  8 |
---------------+-------------------------+-----
Spellcasting   | 2 3 4 |  4.0
Dodging        | 2 3 4 |  4.0
Fighting       | 1 |  1.7
Unarmed Combat | 4 5 6 7 |  7.2
Transmutations | 2 3 |  3.1
Poison Magic   | 1 2 |  2.2
Stealth        | |  0.7

Action                   |  1- 3 |  4- 6 |  7- 9 || total
-------------------------+-------+-------+-------++-------
Melee: Unarmed           |   120 |   163 |   115 ||   398
       Punch             |     3 |       |     1 ||     4
       Kick              |     3 |     1 |     2 ||     6
       Headbutt          |     2 |     1 |       ||     3
 Cast: Beastly Appendage |    11 |    14 |     1 ||    26
       Spider Form       |       |     4 |    17 ||    21
  Use: Potion            |       |       |     9 ||     9
       Scroll            |       |       |    14 ||    14
  Eat: Chunk             |     8 |    12 |    10 ||    30
       Ration            |       |     1 |     1 ||     2
Armor: Skin              |    67 |    61 |    27 ||   155
Dodge: Dodged            |    79 |   105 |    97 ||   281
